 Dungeon Crawl Stone Soup version 0.31.0-9-g3a7656b989 (webtiles) character file.

Game seed: 858509908324852930

64 qw the Shooter (level 3, -2/20 HPs)
             Began as a Deep Elf Hunter on Feb 2, 2024.
             Slain by Terence
             ... wielding a +0 flail
              (3 damage)
             ... on level 3 of the Dungeon.
             The game lasted 00:00:05 (1606 turns).

qw the Shooter (Deep Elf Hunter)                    Turns: 1606, Time: 00:00:05

Health: -2/20      AC:  7    Str: 10    XL:     3   Next: 91%
Magic:  5/5        EV: 11    Int: 13    God:
Gold:   133        SH:  0    Dex: 18    Spells: 2/2 levels left

rFire   + . .        a - +0 shortbow
rCold   . . .        (shield currently unavailable)
rNeg    . . .        e - +2 ring mail {rF+}
rPois   +            (no helmet)
rElec   .            (no cloak)
rCorr   .            (no gloves)
SInv    .            (no boots)
Will    .....        (no amulet)
Stlth   +            d - ring of poison resistance
HPRegen 0.23/turn    (no ring)
MPRegen 0.09/turn

%: no passive effects
@: no status effects
A: no striking features
a: no special abilities


You were on level 3 of the Dungeon.
You visited 1 branch of the dungeon, and saw 3 of its levels.

You collected 133 gold pieces.


   Skills:
 - Level 1.5 Fighting
 + Level 7.3 Ranged Weapons
 - Level 2.4 Dodging
 - Level 1.2 Stealth


You had 2 spell levels left.
You didn't know any spells.
Your spell library was empty.

Inventory:

Hand Weapons
 a - a +0 shortbow (weapon)
Armour
 e - a +2 ring mail of fire resistance (worn)
Jewellery
 d - a ring of poison resistance (left hand)
Scrolls
 b - a scroll of poison {unknown}
Potions
 c - a potion of haste {unknown}
 f - a potion of heal wounds {unknown}
 g - a potion of curing

Dungeon Overview and Level Annotations

Branches:
Dungeon (3/15)

Altars:
Hepliaklqana

Annotations:
D:3 Terence


Message History

Terence the Incautious comes into view.
He is wielding a +0 flail.
There is an open door here.
You shoot an arrow. The arrow closely misses Terence.
Terence shouts!
A ball python comes into view.
You shoot an arrow. The arrow closely misses Terence.
The ball python hisses angrily.
You shoot an arrow.
The arrow hits the hobgoblin but does no damage.
You shoot an arrow.
The arrow hits the hobgoblin but does no damage.
You shoot an arrow. The arrow barely misses the hobgoblin.
The hobgoblin hits you but does no damage.
You shoot an arrow. The arrow closely misses the hobgoblin.
The arrow closely misses the ball python.
The hobgoblin closely misses you.
The hobgoblin hits you but does no damage.
Terence hits you with a +0 flail.
You shoot an arrow. The arrow barely misses Terence.
Terence hits you with a +0 flail. The hobgoblin barely misses you.
You shoot an arrow. The arrow hits Terence!
Terence is moderately wounded.
The hobgoblin hits you but does no damage.
Terence hits you with a +0 flail.
The ball python bites you but does no damage.
The ball python grabs you. The ball python constricts you.
You shoot an arrow.
The arrow closely misses the ball python.
The ball python barely misses you. The ball python constricts you.
The hobgoblin barely misses you. Terence hits you with a +0 flail.
You shoot an arrow. The arrow hits the ball python!
You kill the ball python!
The hobgoblin hits you. Terence closely misses you.
You shoot an arrow.
The arrow hits Terence but does no damage.
Terence is moderately wounded.
The hobgoblin hits you but does no damage.
Terence hits you with a +0 flail.
You die...
Terence says, "Rest in peace."

################+#
#.................
#.####...%@g......
#.# #.###@###....
#.# #.#.$...#....
#.# #.#..$..#....
#.# #.#.._..#....
#.# #.#.$...#....
#.# #.#$$...#....
#.####.#######.###
#.##...........#
#.##......#


You could see Terence and a hobgoblin.

Vanquished Creatures
  2 adders (D:2)
  4 endoplasms
  2 giant cockroaches (D:1)
  6 goblins
  5 hobgoblins
  5 kobolds
  3 quokkas
  3 ball pythons
  4 bats
  A frilled lizard (D:2)
  7 rats
42 creatures vanquished.

Notes
Turn   | Place    | Note
-------+----------+-------------------------------------------
     0 | D:1      | qw the Deep Elf Hunter began the quest for the Orb.
     0 | D:1      | Reached XP level 1. HP: 12/12 MP: 3/3
     0 | D:1      | 0 ||| qw: Version: 0.3-a-155-g5e7d8dd
     0 | D:1      | 0 ||| qw: Game counter: 1167
     0 | D:1      | 0 ||| qw: Melee chars always use a shield: true
     0 | D:1      | 0 ||| qw: God list: Okawaru
     0 | D:1      | 0 ||| qw: Allow faded altars: false
     0 | D:1      | 0 ||| qw: Do Orc after clearing Dungeon:15 true
     0 | D:1      | 0 ||| qw: Do second Lair branch before Depths: true
     0 | D:1      | 0 ||| qw: Lair rune preference: random
     0 | D:1      | 0 ||| qw: Goals: Normal
     0 | D:1      | 0 ||| PLANNING D:1-11
   280 | D:1      | Reached XP level 2. HP: 16/16 MP: 4/4
   292 | D:1      | Reached skill level 6 in Ranged Weapons
   823 | D:1      | 823 ||| UPGRADING to +2 ring mail of fire resistance.
   833 | D:1      | 833 ||| DROPPING +0 leather armour.
   834 | D:1      | 834 ||| UPGRADING to ring of poison resistance.
   835 | D:1      | 835 ||| READING scroll labelled ACRUEM VURCH.
   836 | D:1      | 836 ||| READING 2 scrolls labelled IZICURPHAJUKH.
   837 | D:1      | 837 ||| READING scroll labelled ZAEFRE LI MIAD.
   842 | D:1      | 842 ||| DROPPING scroll of butterflies.
   843 | D:1      | 843 ||| DROPPING scroll of blinking.
  1066 | D:2      | Reached XP level 3. HP: 20/20 MP: 5/5
  1227 | D:2      | Reached skill level 7 in Ranged Weapons
  1489 | D:2      | 1489 ||| DROPPING scarf of shadows.
  1490 | D:2      | 1490 ||| READING scroll labelled ZAPHUISTREPLI.
  1491 | D:2      | 1491 ||| DRINKING 2 inky potions.
  1527 | D:3      | Found a hazy altar of Hepliaklqana.
  1549 | D:3      | 1549 ||| FLEEEEING.
  1595 | D:3      | Noticed Terence
  1604 | D:3      | HP: 4/20 [Terence/+0 flail (3)]
  1605 | D:3      | HP: 1/20 [hobgoblin (4)]
  1606 | D:3      | Slain by Terence

Levels and vault maps discovered:
D:1:      mushboom_english_gardens, layout_basic, serial_rivers,
          chequers_serial_rivers_large_a, chequers_serial_rivers_micro_d,
          chequers_serial_rivers_room_a, chequers_serial_rivers_small_a,
          chequers_serial_rivers_micro_c, chequers_serial_rivers_micro_b
D:2:      layout_loops_ring, serial_glass, glass_columns_a, glass_columns_c,
          minmay_rat_gold_closets
D:3:      minmay_skewed_foursquare, layout_basic, amcnicky_altar_gilded,
          xom_teletrap_fun, uniq_crazy_yiuf_cottage, uniq_terence

Skill      XL: |  1  2  3 |
---------------+----------+-----
Ranged Weapons | 6 7 |  7.3
Fighting       | |  1.5
Dodging        | |  2.4
Stealth        | |  1.2

Action                     || total
---------------------------++-------
   Fire: Shortbow          ||   117
    Use: Scroll            ||     4
         Potion            ||     1
 Armour: Leather armour    ||     7
         Ring mail         ||    30
  Dodge: Dodged            ||    25

Table legend:
 A = Non-vault XP
 B = Vault XP
 C = Vault XP percentage of total XP
 D = Non-vault monster count
 E = Vault monster count
 F = Vault count percentage of total count
                 A         B        C        D         E       F
            +---------+---------+-------+---------+---------+-------
      Total |      87 |       5 |   5.4 |      37 |       5 |  11.9
            +---------+---------+-------+---------+---------+-------
        D:1 |      25 |       0 |   0.0 |      14 |       0 |   0.0
        D:2 |      53 |       5 |   8.6 |      18 |       5 |  21.7
        D:3 |       9 |       0 |   0.0 |       5 |       0 |   0.0
            +---------+---------+-------+---------+---------+-------
